cohdb
Replays
Latest Replays
All Replays
Popular Replays
Top Player Replays
Match Explorer
How It Works
Community
CoH3 Stats
Reddit
Sign in to upload your games and track your stats! →
Sign in with Steam
Match 40721422
Unlisted
Match 40721422
Overview
Messages
Build Orders
End
Scout Squad
Selects Heavy Weapons
Construct Barracks
Riflemen Squad
Riflemen Squad
Infantry Support Center
Grenade Package
Construct Medical Station
Engineer Squad
Construct Motor Pool
M8 Greyhound Armored Car
Selects Assault Carriers
Selects Halftrack Strongpoints
Riflemen Squad
M1918 Browning Automatic Rifles
Advanced Logistics
M1 Mortar Team
Engineer Squad
Mortar Pit
Mortar Pit
Construct Tank Depot
.30 cal Machine Gun
.30 cal Machine Gun
Catboy Supremacy
Lukylife
treberios
GranatenGünther
LotDExile
ASTRAL-MUSCHEL
0
0
Comments
sign in to comment!
No comments posted yet!